 Dungeon Crawl Stone Soup version 0.23.1 (webtiles) character file.

Game seed: 16109794635382830018

590 dengdeng the Chopper (level 7, -4/94 HPs)
             Began as a Minotaur Berserker on Mar 1, 2019.
             Was a Priest of Trog.
             Slain by an ogre
             ... wielding a +0 giant spiked club
              (9 damage)
             ... on level 4 of the Dungeon.
             The game lasted 00:10:30 (2940 turns).

dengdeng the Chopper (Minotaur Berserker)           Turns: 2940, Time: 00:10:31

Health: -4/94      AC: 13    Str: 32    XL:     7   Next: 15%
Magic:  6/6        EV:  9    Int:  4    God:    Trog [***...]
Gold:   219        SH:  0    Dex: 10    Spells: 6/6 levels left

rFire    . . .     SeeInvis .   a - +0 hand axe
rCold    . . .     Gourm    .   (no shield)
rNeg     . . .     Faith    +   d - +0 plate armour
rPois    .         Spirit   .   (helmet restricted)
rElec    .         Reflect  .   w - +0 cloak
rCorr    .         Harm     .   (no gloves)
MR       ++...                  (no boots)
Stlth    ..........             o - amulet of faith
HPRegen  1.25/turn              i - +4 ring of strength
MPRegen  0.10/turn              (no ring)

@: berserking, regenerating, very quick
A: retaliatory headbutt, horns 2
a: Berserk, Trog's Hand, Renounce Religion


You were on level 4 of the Dungeon.
You worshipped Trog.
Trog was most pleased with you.
You were very hungry.

You visited 1 branch of the dungeon, and saw 4 of its levels.
You also visited: Sewer.

You collected 219 gold pieces.

Inventory:

Hand Weapons
 a - a +0 hand axe (weapon)
Missiles
 n - 82 stones (quivered)
Armour
 d - a +0 plate armour (worn)
 w - a +0 cloak (worn)
Jewellery
 i - a +4 ring of strength (left hand)
 o - an amulet of faith (around neck)
 p - an uncursed ring of protection from magic {unknown}
 A - a cursed -3 ring of strength
Wands
 y - a wand of paralysis (11)
Scrolls
 b - a scroll of immolation {unknown}
 e - 3 scrolls of identify {unknown}
 g - 2 scrolls of fear {unknown}
 l - 2 scrolls of teleportation {unknown}
 q - 2 scrolls of blinking {unknown}
 r - a scroll of enchant weapon {unknown}
 t - 2 scrolls of remove curse {unknown}
 v - a scroll of fog {unknown}
 x - a scroll of amnesia {unknown}
Potions
 f - 2 potions of curing
 h - a potion of might {unknown}
 k - a potion of haste {unknown}
 m - 2 potions of cancellation {unknown}
 s - a potion of invisibility {unknown}
 u - a potion of flight {unknown}
 z - a potion of lignification {unknown}
Comestibles
 c - 6 rations
 j - a chunk of flesh


   Skills:
 * Level 6.3 Fighting
 + Level 6.3 Axes
 * Level 5.7 Armour
 + Level 2.7 Dodging


You had 6 spell levels left.
You didn't know any spells.
Your spell library was empty.

Dungeon Overview and Level Annotations

Branches:
Dungeon (4/15)
 Temple: D:4-7

Altars:


Innate Abilities, Weirdness & Mutations

You reflexively headbutt those who attack you in melee.
You have a pair of horns on your head.


Message History

Menkaure hits you.
You hit Menkaure but do no damage. You hit the ogre. Menkaure misses you.
The ogre hits you with a +0 giant spiked club.
Unknown command.
You hit Menkaure. You headbutt Menkaure!
Menkaure is heavily damaged.
You hit the ogre. Menkaure hits you!!
* * * LOW HITPOINT WARNING * * *
Unknown command.
A red film seems to cover your vision as you go berserk!
You feel yourself moving faster!
You feel mighty!
You are feeling very hungry.
Menkaure barely misses you. You furiously retaliate!
You headbutt Menkaure!!
You feel the power of Trog in you as your rage grows.
You destroy Menkaure!
Trog accepts your kill.
Trog appreciates your killing of a magic user.
You have reached level 7!
The ogre hits you with a +0 giant spiked club!
You die...

.. ## #.# .. .. .#
###^####.# .#
#........# .
#........# #.
#.....O..##.
#@.###.. ## ##?.##.#
.. #...#.# #.
###.#.# #. ###...#
#. #....## #.
#..##.### #†
#..###...#########.
#..................#


You could see an ogre.

Vanquished Creatures
  Sigmund (D:2)
  Menkaure (D:4)
  Purgy (Sewer)
  A scorpion (D:4)
  An orc wizard (D:3)
  Robin (D:2)
  5 adders
  5 worms
  A dart slug (D:2)
  8 orcs (D:3)
  5 giant cockroaches
  21 goblins
  4 hobgoblins
  3 jackals (D:1)
  6 bats
  3 frilled lizards
  8 kobolds
  6 rats
81 creatures vanquished.

Notes
Turn   | Place    | Note
-------+----------+-------------------------------------------
     0 | D:1      | dengdeng the Minotaur Berserker began the quest for the
                  | Orb.
     0 | D:1      | Reached XP level 1. HP: 19/19 MP: 0/0
   459 | D:1      | Reached XP level 2. HP: 27/27 MP: 1/1
   883 | D:2      | Noticed Sigmund
   890 | D:2      | Killed Sigmund
   890 | D:2      | Reached skill level 5 in Fighting
   890 | D:2      | Reached XP level 3. HP: 36/36 MP: 2/2
   890 | D:2      | Reached XP level 4. HP: 42/42 MP: 3/3
   890 | D:2      | Reached XP level 5. HP: 48/48 MP: 4/4
  1348 | D:2      | Reached skill level 5 in Axes
  1394 | D:2      | Noticed Robin
  1395 | D:2      | Reached ** piety under Trog
  1405 | D:2      | Killed Robin
  1935 | D:3      | Found a glowing drain.
  1943 | Sewer    | Entered a sewer
  2101 | Sewer    | Noticed Purgy
  2107 | Sewer    | Killed Purgy
  2107 | Sewer    | Reached XP level 6. HP: 43/57 MP: 5/5
  2509 | D:3      | Reached *** piety under Trog
  2509 | D:3      | Reached skill level 5 in Armour
  2932 | D:4      | Noticed Menkaure
  2939 | D:4      | HP: 2/57 [Menkaure (18)]
  2940 | D:4      | Killed Menkaure
  2940 | D:4      | Reached XP level 7. HP: 5/63 MP: 6/6
  2940 | D:4      | Slain by an ogre

Skill      XL: |  1  2  3  4  5  6 |
---------------+-------------------+-----
Fighting       | 4 5 6 |  6.3
Axes           | 4 5 6 |  6.3
Armour         | 3 4 5 |  5.7
Dodging        | |  2.7

Action                   |  1- 3 |  4- 6 |  7- 9 || total
-------------------------+-------+-------+-------++-------
Melee: Hand axe          |    25 |   145 |       ||   170
       Headbutt          |     2 |    21 |       ||    23
Invok: Berserk           |     1 |     2 |       ||     3
       Trog's Hand       |       |     1 |       ||     1
  Eat: Chunk             |       |     8 |       ||     8
Armor: Plate armour      |    17 |   104 |       ||   121
Dodge: Dodged            |     6 |    70 |       ||    76
